 Dungeon Crawl Stone Soup version 0.28.0-43-g3370ac3207 (webtiles) character file.

Game seed: 3543908796529770608

386 themarg the Gusty (level 6, -3/32 HPs)
             Began as a Tengu Air Elementalist on Feb 28, 2022.
             Slain by Edmund
             ... wielding a +4 vorpal dire flail
              (4 damage)
             ... on level 4 of the Dungeon.
             The game lasted 00:13:16 (4971 turns).

themarg the Gusty (Tengu Air Elementalist)          Turns: 4971, Time: 00:13:17

Health: -3/32      AC:  2    Str:  8    XL:     6   Next: 78%
Magic:  3/12       EV: 17    Int: 17    God:
Gold:   121        SH:  0    Dex: 21    Spells: 4/11 levels left

rFire   . . .      SeeInvis .   o - +2 dagger (venom)
rCold   . . .      Faith    .   (no shield)
rNeg    . . .      Spirit   .   a - +0 robe
rPois   .          Reflect  .   (helmet restricted)
rElec   .          Harm     .   (no cloak)
rCorr   .          Rampage  .   (no gloves)
Will    .....                   (boots unavailable)
Stlth   +++.......              e - amulet of magic regeneration
HPRegen 0.10/turn               b - +6 ring of dexterity
MPRegen 0.53/turn               (no ring)

@: flying quickly and evasively, very slightly contaminated, quick
A: beak, talons 3, nimble flight
a: no special abilities


You were on level 4 of the Dungeon.
You visited 1 branch of the dungeon, and saw 4 of its levels.

You collected 121 gold pieces.

Inventory:

Hand Weapons
 c - a +0 dagger
 o - a +2 dagger of venom (weapon)
Missiles
 d - 110 stones
 l - 5 boomerangs
 u - 3 curare-tipped darts
Armour
 a - a +0 robe (worn)
 n - +0 shadow dragon scales
Jewellery
 b - a +6 ring of dexterity (left hand)
 e - an amulet of magic regeneration (around neck)
Wands
 r - a wand of flame (14)
Scrolls
 f - a scroll of identify {unknown}
 h - 2 scrolls of vulnerability {unknown}
 k - a scroll of magic mapping {unknown}
 p - a scroll of enchant armour {unknown}
 s - a scroll of noise {unknown}
 t - a scroll of teleportation {unknown}
Potions
 g - a potion of degeneration {unknown}
 i - 2 potions of lignification {unknown}
 j - 4 potions of curing {unknown}
 m - 2 potions of invisibility {unknown}
 q - a potion of mutation {unknown}


   Skills:
 + Level 3.9 Dodging
 + Level 3.7 Stealth
 + Level 3.3 Spellcasting
 + Level 4.0 Conjurations
 + Level 5.5 Air Magic


You had 4 spell levels left.
You knew the following spells:

 Your Spells              Type           Power      Damage    Failure   Level
a - Shock                 Conj/Air       76%        1d7       2%          1
b - Static Discharge      Conj/Air       19%        N/A       3%          2
c - Airstrike             Air            10%        N/A       17%         4

Your spell library contained the following spells:

 Spells                   Type           Power      Damage    Failure   Level
 Swiftness                Air            21%        N/A       4%          3
 Tukima's Dance           Hex            2%         N/A       45%         3
 Anguish                  Hex/Necr       1%         N/A       86%         4
 Enfeeble                 Hex            1%         N/A       100%        7


Dungeon Overview and Level Annotations

Branches:
Dungeon (4/15)
 Temple: D:4-7

Altars:
Xom

Annotations:
D:4 Edmund


Innate Abilities, Weirdness & Mutations

You have a beak for a mouth.
You have claws for feet.
Your magical nature lets you fly swiftly and evasively.


Message History

Casting: Shock (safe; 2% risk of failure)
Confirm with . or Enter, or press ? or * to list all spells.
Edmund is struck by an arc of lightning!
Edmund is moderately wounded.
The lightning grounds out.
Edmund barely misses you.
Casting: Static Discharge (safe; 3% risk of failure)
Confirm with . or Enter, or press ? or * to list all spells.
Edmund is struck by an arc of lightning.
Edmund is moderately wounded.
You are struck by an arc of lightning.
The lightning grounds out.
Edmund hits you with a +4 vorpal dire flail.
Casting: Static Discharge (safe; 3% risk of failure)
Confirm with . or Enter, or press ? or * to list all spells.
Edmund is struck by an arc of lightning!
Edmund is heavily wounded.
You are struck by an arc of lightning.
The lightning grounds out.
Edmund barely misses you.
Casting: Static Discharge (safe; 3% risk of failure)
Confirm with . or Enter, or press ? or * to list all spells.
Edmund is struck by an arc of lightning.
Edmund is severely wounded.
You are struck by an arc of lightning.
Edmund is struck by an arc of lightning.
Edmund is almost dead.
The lightning grounds out.
Edmund completely misses you.
Casting: Static Discharge (safe; 3% risk of failure)
Confirm with . or Enter, or press ? or * to list all spells.
Edmund is struck by an arc of lightning.
Edmund is almost dead.
The lightning grounds out.
Edmund barely misses you.
Casting: Static Discharge (safe; 3% risk of failure)
Confirm with . or Enter, or press ? or * to list all spells.
You miscast Static Discharge.
You are very lightly contaminated with residual magic.
Nothing appears to happen.
Edmund says, "People will remember me!
They'll remember me and die!"
Edmund hits you with a +4 vorpal dire flail!!
Ouch! That really hurt!
* * * LOW HITPOINT WARNING * * *
You die...

##.# #.#.... ##..## ### ###
###.#... ###..#.###.#
#..###..####. ##....#..#..#
#..#...#### ......#.....##
#####.......##
..........#.(#####...##..........
...........................#.....
................##..........##...
................@@#..........#...
...........................#..#..
.........................###.....
................................#
.................................
..........................<......
.................................
.................................
................................#


You could see Edmund.

Vanquished Creatures
  A necrophage (D:4)
  A scorpion (D:4)
  A jelly (D:4)
  A bullfrog skeleton (D:4)
  An iguana (D:4)
  4 gnolls (D:3)
  4 adders
  An adder skeleton (D:4)
  2 worms (D:3)
  9 orcs
  3 ball pythons
  3 endoplasms
  3 giant cockroaches
  7 goblins
  7 hobgoblins
  4 jackals (D:2)
  3 quokkas
  7 bats
  A frilled lizard (D:3)
  5 kobolds
  2 rats (D:2)
70 creatures vanquished.

Notes
Turn   | Place    | Note
-------+----------+-------------------------------------------
     0 | D:1      | themarg the Tengu Air Elementalist began the quest for the
                  | Orb.
     0 | D:1      | Reached XP level 1. HP: 10/10 MP: 4/4
   407 | D:1      | Reached XP level 2. HP: 15/15 MP: 4/6
   432 | D:1      | Learned a level 2 spell: Static Discharge
  1245 | D:2      | Found a shimmering altar of Xom.
  1299 | D:2      | Reached XP level 3. HP: 19/19 MP: 2/7
  2187 | D:3      | Reached XP level 4. HP: 20/24 MP: 4/8
  2530 | D:3      | Found a faded altar of an unknown god.
  2554 | D:3      | Learned a level 4 spell: Airstrike
  2685 | D:3      | Gained mutation: Your magical nature lets you fly swiftly
                  | and evasively. [Tengu growth]
  2685 | D:3      | Reached XP level 5. HP: 25/28 MP: 5/10
  3551 | D:4      | Noticed a necrophage
  3570 | D:4      | Noticed Edmund
  3615 | D:4      | Killed a necrophage
  3616 | D:4      | Reached skill level 5 in Air Magic
  3632 | D:4      | Reached XP level 6. HP: 28/32 MP: 11/11
  3779 | D:4      | HP: 1/32 [iguana (10)]
  4971 | D:4      | HP: 1/32 [Edmund/+4 vorpal dire flail (20)]
  4971 | D:4      | Slain by Edmund

Illustrated notes

Levels and vault maps discovered:
D:1:      lemuel_arrival_funnel, layout_basic, palyth_stone_intersect,
          roderic_cross_of_infinity, nrook_campfire
D:2:      layout_basic, basic_altar, interstate_on_off
D:3:      minmay_diamond_boxcup, layout_basic,
          shapermc_ecumenical_altar_starsandcircs
D:4:      layout_layer_cave, uniq_edmund

Skill      XL: |  1  2  3  4  5  6 |
---------------+-------------------+-----
Conjurations   | 2 3 4 |  4.0
Dodging        | 3 |  3.9
Stealth        | 3 |  3.7
Spellcasting   | 3 |  3.3
Air Magic      | 5 |  5.5

Action                   |  1- 3 |  4- 6 || total
-------------------------+-------+-------++-------
Melee: Dagger            |     3 |    23 ||    26
       Peck              |     1 |     4 ||     5
       Kick              |       |     9 ||     9
       Punch             |       |     1 ||     1
 Cast: Shock             |    57 |    71 ||   128
       Static Discharge  |     7 |    26 ||    33
 Stab: Sleeping          |     2 |     1 ||     3
Armor: Robe              |     1 |     4 ||     5
Dodge: Dodged            |    12 |    25 ||    37
